 Dungeon Crawl Stone Soup version 0.27.1-15-g792fb953b9 (webtiles) character file.

Game seed: 16321432881600435639

666 harvestpwn the Cleaver (level 7, -2/57 HPs)
             Began as a Minotaur Fighter on Nov 20, 2021.
             Succumbed to Eustachio's poison
             ... on level 5 of the Dungeon.
             The game lasted 00:19:57 (3980 turns).

harvestpwn the Cleaver (Minotaur Fighter)           Turns: 3980, Time: 00:19:57

Health: -2/57      AC: 11    Str: 23    XL:     7   Next: 31%
Magic:  6/6        EV:  5    Int:  5    God:
Gold:   201        SH:  9    Dex:  9    Spells: 6/6 levels left

rFire    . . .     SeeInvis .   a - +0 war axe
rCold    + . .     Faith    .   c - +0 kite shield
rNeg     . . .     Spirit   .   q - +0 chain mail
rPois    .         Reflect  .   l - +2 hat
rElec    .         Harm     .   (no cloak)
rCorr    .         Rampage  .   (no gloves)
Will     .....                  (no boots)
Stlth    ..........             (no amulet)
HPRegen  0.19/turn              n - ring of protection from cold
MPRegen  0.10/turn              (no ring)

@: lethally poisoned (-2 -> -23)
A: horns 2, retaliatory headbutt
a: no special abilities


You were on level 5 of the Dungeon.
You visited 1 branch of the dungeon, and saw 5 of its levels.

You collected 201 gold pieces.

Inventory:

Hand Weapons
 a - a +0 war axe (weapon)
Armour
 c - a +0 kite shield (worn)
 l - a +2 hat (worn)
 q - a +0 chain mail (worn)
Jewellery
 f - a ring of fire
 n - a ring of protection from cold (left hand)
Scrolls
 h - 2 scrolls of enchant armour
 i - a scroll of vulnerability {unknown}
 k - 2 scrolls of noise
 m - a scroll of immolation {unknown}
 o - 2 scrolls of teleportation
 p - a scroll of fear
Potions
 b - a potion of cancellation {unknown}
 d - 2 potions of might
 e - 2 potions of curing
 g - 2 potions of invisibility
 j - a potion of degeneration


   Skills:
 - Level 3.6 Fighting
 + Level 9.9 Axes
 - Level 3.6 Armour
 - Level 3.6 Shields


You had 6 spell levels left.
You didn't know any spells.
Your spell library contained the following spells:

 Spells                   Type           Power      Damage    Failure   Level
 Summon Guardian Golem    Hex/Summ       0%         N/A       100%        3
 Orb of Destruction       Conj           0%         N/A       100%        7
 Spellforged Servitor     Conj/Summ      0%         N/A       100%        7


Dungeon Overview and Level Annotations

Branches:
Dungeon (5/15)
 Temple: D:4-7

Altars:

Shops:
D:3 !

Annotations:
D:5 Eustachio


Innate Abilities, Weirdness & Mutations

You have a pair of horns on your head.
You reflexively headbutt those who attack you in melee.


Message History

Eustachio mumbles some strange words.
You feel sick.
You feel sick.
You feel sick.
You feel sick.
Eustachio mumbles some strange words.
You feel sick.
You feel sick.
You are no longer poisoned.
You see here a water moccasin corpse.
Eustachio hits you with a +2 rapier of venom!
You closely miss Eustachio.
Eustachio is moderately wounded.
You block Eustachio's attack.
You closely miss Eustachio.
Eustachio is moderately wounded.
You block Eustachio's attack.
You closely miss Eustachio.
Eustachio is moderately wounded.
Eustachio hits you with a +2 rapier of venom.
You are poisoned.
You closely miss Eustachio. Your headbutt misses Eustachio.
Eustachio is moderately wounded.
You feel very sick. You block Eustachio's attack.
Eustachio mumbles some strange words.
You closely miss Eustachio. Your headbutt misses Eustachio.
Eustachio is moderately wounded.
You feel sick.
Eustachio hits you with a +2 rapier of venom!
* * * LOW HITPOINT WARNING * * *
You are lethally poisoned!
You closely miss Eustachio. Your headbutt misses Eustachio.
Eustachio is moderately wounded.
* * * LOW HITPOINT WARNING * * *
You feel extremely sick. You block Eustachio's attack.
Your shield and chain mail prevent you from hitting Eustachio.
Eustachio is moderately wounded.
You die...

######## .# #......#
######.# #......#
#......##
#......####........
#..................
#......####<.......
##.......##.###....
#........@.# #.####.#
#.......##@###.####.#
#.......##rr##... ...
##########†.##..# #.#
#..##..###.###
##..##........# .
#...##...##...##
..###r.............##
........##...#......#


You could see Eustachio, a river rat (summoned) and a rat (summoned).

Vanquished Creatures
  2 water moccasins
  2 scorpions (D:4)
  3 hounds
  An orc priest (D:3)
  Terence (D:3)
  2 orc wizards (D:3)
  6 adders
  2 dart slugs
  4 orcs (D:3)
  7 ball pythons
  6 endoplasms
  3 giant cockroaches
  10 hobgoblins
  4 jackals (D:3)
  4 quokkas
  4 bats
  5 frilled lizards
  12 goblins
  7 kobolds
  7 rats
92 creatures vanquished.

Notes
Turn   | Place    | Note
-------+----------+-------------------------------------------
     0 | D:1      | harvestpwn the Minotaur Fighter began the quest for the
                  | Orb.
     0 | D:1      | Reached XP level 1. HP: 19/19 MP: 0/0
    81 | D:1      | Reached skill level 3 in Axes
   104 | D:1      | Reached XP level 2. HP: 23/26 MP: 1/1
   310 | D:1      | Reached skill level 4 in Axes
   486 | D:1      | Reached XP level 3. HP: 31/31 MP: 2/2
   773 | D:2      | Reached skill level 5 in Axes
   773 | D:2      | Reached XP level 4. HP: 38/39 MP: 3/3
  1444 | D:2      | Reached skill level 6 in Axes
  1580 | D:3      | Found Toarut's Distillery.
  1716 | D:3      | Reached XP level 5. HP: 42/45 MP: 4/4
  2009 | D:3      | Noticed Terence
  2027 | D:3      | Killed Terence
  2028 | D:3      | Reached skill level 7 in Axes
  2945 | D:4      | Reached XP level 6. HP: 38/51 MP: 5/5
  3085 | D:4      | Reached skill level 8 in Axes
  3294 | D:4      | Noticed a water moccasin
  3305 | D:4      | Killed a water moccasin
  3306 | D:4      | Reached skill level 9 in Axes
  3383 | D:4      | Reached XP level 7. HP: 50/57 MP: 6/6
  3880 | D:5      | Entered Level 5 of the Dungeon
  3932 | D:5      | Noticed Eustachio
  3980 | D:5      | Succumbed to Eustachio's poison

Illustrated notes

Levels and vault maps discovered:
D:1:      lemuel_arrival_behind_the_door_small, layout_rooms,
          minmay_close_crescents
D:2:      layout_loops_cross
D:3:      layout_basic, serial_shops, nicolae_shop_crystal, minmay_cupped,
          uniq_terence
D:4:      layout_loops_ring
D:5:      layout_basic, palyth_temple_overflow_mages,
          mainiacjoe_overflow_divided_tiny, uniq_eustachio, uniq_blork_the_orc

Skill      XL: |  1  2  3  4  5  6 |
---------------+-------------------+-----
Axes           | 3 4 5 6 7 9 |  9.9
Fighting       | |  3.6
Armour         | |  3.6
Shields        | |  3.6

Action                   |  1- 3 |  4- 6 |  7- 9 || total
-------------------------+-------+-------+-------++-------
Melee: War axe           |    84 |   146 |    30 ||   260
       Headbutt          |     8 |    16 |     3 ||    27
  Use: Scroll            |     1 |     5 |     1 ||     7
       Potion            |       |     1 |       ||     1
Armor: Scale mail        |    26 |    45 |       ||    71
       Chain mail        |       |     5 |    10 ||    15
Dodge: Dodged            |    28 |    33 |     3 ||    64
Block: Kite shield       |    35 |    68 |    13 ||   116
